 Dungeon Crawl Stone Soup version 0.20-a0-556-g892c87b (webtiles) character file.

152362 polly the Executioner (level 17, -3/162 HPs)
             Began as a Minotaur Berserker on Feb 5, 2017.
             Was the Champion of Trog.
             Slain by an entropy weaver
             ... wielding a +0 spear
              (8 damage)
             ... on level 2 of the Spider Nest.
             The game lasted 01:19:39 (30997 turns).

polly the Executioner (Minotaur Berserker)         Turns: 30997, Time: 01:19:40

Health: -3/162     AC: 19    Str: 33    XL:     17   Next: 2%
Magic:  16/16      EV: 10    Int:  4    God:    Trog [******]
Gold:   4503       SH:  0    Dex: 11    Spells: 16/16 levels left

rFire    + . .     SeeInvis .   o - +2 executioner's axe (flame)
rCold    + . .     Gourm    .   g - +0 plate armour {rC+}
rNeg     . . .     Faith    .   (shield currently unavailable)
rPois    .         Spirit   .   (helmet restricted)
rElec    .         Reflect  .   v - +2 cloak {rF+}
rCorr    .         Harm     .   Q - +2 pair of gloves
MR       +++..                  O - +0 pair of boots
Stlth    ..........             X - amulet of regeneration
Regen    1.8/turn               D - +3 ring of slaying
                                q - +5 ring of strength

@: corroded, regenerating
A: retaliatory headbutt, horns 2
a: Berserk, Trog's Hand, Brothers in Arms, Burn Spellbooks, Renounce Religion


You were on level 2 of the Spider Nest.
You worshipped Trog.
Trog was exalted by your worship.
You were very hungry.

You visited 5 branches of the dungeon, and saw 26 of its levels.
You also visited: Labyrinth, Trove, Sewer, Bailey and Volcano.

You collected 5112 gold pieces.
You spent 609 gold pieces at shops.

Inventory:

Hand Weapons
 o - a +2 executioner's axe of flaming (weapon)
Missiles
 j - 42 tomahawks of returning (quivered)
Armour
 g - a +0 plate armour of cold resistance (worn)
 v - a +2 cloak of fire resistance (worn)
 O - a +0 pair of boots (worn)
 Q - a +2 pair of gloves (worn)
Jewellery
 h - a +6 ring of intelligence
 m - an uncursed ring of protection from fire
 q - a +5 ring of strength (left hand)
 t - an uncursed ring of stealth
 D - a +3 ring of slaying (right hand)
 N - an uncursed ring of positive energy
 R - a +6 ring of intelligence
 S - an uncursed ring of wizardry {unknown}
 X - an amulet of regeneration (around neck)
Wands
 J - a wand of disintegration (1/24)
 K - a wand of digging (0/24)
 L - a wand of iceblast (0/15)
Scrolls
 e - 6 scrolls of fog
 k - a scroll of recharging
 n - 3 scrolls of fear
 r - 10 scrolls of remove curse
 y - 4 scrolls of magic mapping
 A - 9 scrolls of identify
 B - 4 scrolls of enchant weapon
 F - 6 scrolls of immolation
 H - 4 scrolls of enchant armour
 I - a scroll of teleportation
 T - 4 scrolls of summoning
Potions
 a - 2 potions of brilliance {unknown}
 b - a potion of invisibility
 d - 6 potions of curing
 f - 6 potions of haste
 p - a potion of ambrosia
 s - 3 potions of berserk rage
 u - 2 potions of flight
 w - 3 potions of agility
 z - 4 potions of might {unknown}
 C - a potion of cure mutation {unknown}
 M - a potion of cancellation {unknown}
Books
 x - a book of Fire

   Spells                             Type                      Level
   a - Ignite Poison                  Fire/Transmutation/Poison    3
   b - Fireball                       Conjuration/Fire             5
   c - Bolt of Fire                   Conjuration/Fire             6
   d - Delayed Fireball               Conjuration/Fire             7
   e - Ring of Flames                 Charms/Fire                  7
   Trog disapproves of the use of such an item.
 U - a book of Minor Magic

   Spells                             Type                      Level
   a - Magic Dart                     Conjuration                  1
   b - Blink                          Translocation                2
   c - Call Imp                       Summoning                    2
   d - Repel Missiles                 Charms/Air                   2
   e - Slow                           Hexes                        2
   f - Conjure Flame                  Conjuration/Fire             3
   g - Mephitic Cloud                 Conjuration/Poison/Air       3
   Trog disapproves of the use of such an item.
Miscellaneous
 E - a lightning rod (4/4)
 P - a lightning rod (4/4)
Comestibles
 c - 9 bread rations
 i - 16 fruits
 l - 12 royal jellies
 G - 10 meat rations


   Skills:
 + Level 17.4 Fighting
 + Level 23.9 Axes
 + Level 2.6 Throwing
 + Level 17.2 Armour
 + Level 3.9 Dodging
 - Level 1.4 Stealth
 - Level 0.3 Evocations


You had 16 spell levels left.
You didn't know any spells.

Dungeon Overview and Level Annotations

Branches:
Dungeon (15/15)            Temple (0/1) D:6            Lair (6/6) D:9
 Shoals (0/4) Lair:3       Spider (2/4) Lair:2        Slime (0/5) Lair:5
    Orc (2/2) D:10            Elf (1/3) Orc:2        Vaults (0/5) D:13
 Depths (0/5) D:15

Altars:
Hepliaklqana
Makhleb
Nemelex Xobeh
Okawaru
Qazlal
Uskayaw
Vehumet
Xom
Yredelemnul
Beogh
Jiyva

Shops:
D:5 }   D:6 (   D:11 %   D:12 }   Orc:2 =}([

Annotations:
Lair:5 1 runed door


Innate Abilities, Weirdness & Mutations

You reflexively headbutt those who attack you in melee.
You have a pair of horns on your head.


Message History

Something bites your stone giant but does no damage.
The orb spider spins a strand of pure energy.
The entropy weaver hits you from afar with a spear.
* * * LOW HITPOINT WARNING * * *
The entropy weaver barely misses you.
The entropy weaver hits you but does no damage.
The entropy weaver hits you from afar with a spear.
* * * LOW HITPOINT WARNING * * *
Your stone giant barely misses the jumping spider.
Something hits your stone giant!
Something bites your stone giant but does no damage.
You feel better.
The jumping spider leaps!
Your stone giant hits the entropy weaver.
The entropy weaver hits you from afar with a spear.
* * * LOW HITPOINT WARNING * * *
The entropy weaver hits you but does no damage.
The entropy weaver hits you from afar with a spear.
* * * LOW HITPOINT WARNING * * *
The entropy weaver hits you from afar with a spear!
You die...

....#...#..##
.....#.#.#..#
..###....#.#.#
#.#....#....##
.#...#.)...[##
.....ss#†s...#.#
..#.#.#sa#......#
#......#C..^.....
###§...@§.#^#...#
#....##.#..###.#
###.. ....## ##
.... ...... ...#
.#.$..## ≈≈≈#
...#.... ≈
##.#.#..## . .#.


You could see an entropy weaver, 2 orb spiders and a friendly stone giant
(berserk).

Vanquished Creatures
  Nikola (Elf:1)
  Rupert (D:12)
  Kirke (D:13)
  2 orc warlords (Orc:2)
  2 entropy weavers
  2 fire dragons
  A minotaur (Lab)
  A deep elf death mage (Elf:1)
  Josephine (D:12)
  A deep elf high priest (Elf:1)
  3 vault guards (D:13)
  An ogre mage (D:15)
  An ice dragon (shapeshifter) (D:13)
  Harold (D:12)
  8 hydras
  8 centaur warriors
  3 dancing weapons (Elf:1)
  A hell hog (Volcano)
  9 death yaks (Lair:3)
  8 two-headed ogres
  3 tengu warriors
  An orc high priest (Orc:2)
  8 deep elf knights (Elf:1)
  Sonja (D:10)
  4 skeletal warriors (D:14)
  A fire crab (Lair:6)
  3 unseen horrors (D:15)
  2 deep trolls (D:15)
  An orange crystal statue (D:11)
  6 deep elf archers
  5 orc knights
  3 orb spiders
  35 deep elf magi
  2 orc sorcerers
  12 ugly things (D:15)
  6 elephants (Lair:4)
  8 wolf spiders
  2 cyclopes
  3 manticores
  An elephant (shapeshifter) (D:14)
  3 centaur zombies
  A black mamba (Lair:4)
  Maurice (Orc:2)
  5 molten gargoyles
  7 spiny frogs
  A gargoyle (D:15)
  An efreet (D:14)
  A rime drake (Lair:6)
  6 centaur skeletons
  A yaktaur (D:15)
  3 demonic crawlers
  A kobold demonologist (D:15)
  A freezing wraith (D:15)
  5 komodo dragons
  4 trolls
  A guardian mummy (D:10)
  A tengu conjurer (D:13)
  18 jumping spiders
  Grinder (D:4)
  A hornet (D:14)
  29 blink frogs
  4 slime creatures (D:14)
  24 redbacks
  9 hippogriffs
  9 tarantellas
  An air elemental (Elf:1)
  A vampire (D:12)
  2 water elementals (Elf:1)
  5 wraiths
  2 shadows
  Sigmund (D:4)
  6 wyverns
  8 fire bats (Volcano)
  3 fire elementals (Elf:1)
  2 humans (D:13)
  4 hungry ghosts
  6 basilisks
  40 yaks
  2 hogs (D:13)
  Eustachio (D:6)
  The ghost of crawdingle the Archer, an amateur CeHu (D:4)
  4 wargs
  4 steam dragons
  Edmund (D:4)
  8 vampire mosquitoes
  Menkaure (D:6)
  2 acid dragons
  11 water moccasins
  Duvessa (D:6)
  7 hell hounds
  2 porcupines
  Purgy (Sewer)
  44 orc warriors
  4 eyes of draining
  5 sky beasts
  A black bear (D:12)
  8 ice beasts
  A necrophage (D:15)
  19 ogres
  A hornet zombie (D:15)
  4 phantoms
  6 wolves
  28 centaurs
  A crocodile (shapeshifter) (D:15)
  14 crocodiles
  A big kobold (D:10)
  20 bullfrogs
  A wyvern zombie (D:12)
  Dowan (D:6)
  An earth elemental (Elf:1)
  5 scorpions
  18 wights
  9 killer bees
  A howler monkey (D:8)
  5 electric eels (Lair:5)
  10 crimson imps
  3 bullfrog zombies
  7 lava snakes
  4 bullfrog skeletons
  9 jellies
  6 hounds
  23 orc priests
  A gnoll shaman (D:7)
  30 orc wizards
  4 iguanas
  Terence (D:3)
  8 worker ants
  7 hell rats (Lair:6)
  A killer bee zombie (D:10)
  A hound zombie (D:9)
  2 worker ant zombies (D:11)
  8 adders
  12 gnolls
  A river rat (D:6)
  3 shadow imps
  5 oozes (D:8)
  An adder skeleton (D:6)
  2 worms
  A dart slug (D:4)
  7 leopard geckos
  107 orcs
  9 bats
  5 giant cockroaches
  2 gnoll zombies (D:8)
  6 goblins
  16 hobgoblins
  10 jackals
  22 kobolds
  3 quokkas
  5 ball pythons
  9 frilled lizards
  A quokka skeleton (D:4)
  A quokka zombie (D:10)
  7 rats
  4 fungi
  2 plants
992 creatures vanquished.

Vanquished Creatures (others)
  A deep elf knight (Elf:1)
  A hornet (Spider:2)
  A jumping spider (Spider:2)
  2 humans (D:13)
  A jackal skeleton (D:5)
  A fungus (Lair:6)
7 creatures vanquished.

Grand Total: 999 creatures vanquished

Notes
Turn   | Place    | Note
-------+----------+-------------------------------------------
     0 | D:1      | polly the Minotaur Berserker began the quest for the Orb.
     0 | D:1      | Reached XP level 1. HP: 19/19 MP: 0/0
   132 | D:1      | Reached XP level 2. HP: 17/27 MP: 1/1
   151 | D:1      | Reached skill level 4 in Axes
   478 | D:1      | Reached ** piety under Trog
   632 | D:1      | Reached XP level 3. HP: 33/33 MP: 2/2
   788 | D:2      | Found a stormy altar of Qazlal.
  1282 | D:3      | Found a hazy altar of Hepliaklqana.
  1458 | D:3      | Reached XP level 4. HP: 7/41 MP: 3/3
  1712 | D:3      | Reached skill level 5 in Axes
  1738 | D:3      | Noticed Terence
  1746 | D:3      | Killed Terence
  1764 | D:3      | Found a hide-covered altar of Uskayaw.
  2094 | D:4      | Noticed a phantom
  2119 | D:4      | Killed a phantom
  2119 | D:4      | Reached skill level 6 in Axes
  2119 | D:4      | Reached XP level 5. HP: 26/47 MP: 4/4
  2231 | D:4      | Reached XP level 6. HP: 28/53 MP: 5/5
  2245 | D:4      | Noticed Sigmund
  2253 | D:4      | Killed Sigmund
  2253 | D:4      | Reached skill level 7 in Axes
  2253 | D:4      | Reached skill level 5 in Armour
  2295 | D:4      | Noticed crawdingle's ghost (amateur CeHu)
  2323 | D:4      | Killed crawdingle's ghost
  2323 | D:4      | Reached skill level 5 in Fighting
  2323 | D:4      | Reached XP level 7. HP: 17/61 MP: 6/6
  2560 | D:4      | Found a burning altar of Makhleb.
  2561 | D:4      | Found an iron altar of Okawaru.
  2627 | D:4      | Noticed Edmund
  2646 | D:4      | Killed Edmund
  2669 | D:4      | Reached skill level 8 in Axes
  2730 | D:4      | Noticed Grinder
  2730 | D:4      | Paralysed by Grinder for 7 turns
  2740 | D:4      | Paralysed by Grinder for 5 turns
  2752 | D:4      | Paralysed by Grinder for 7 turns
  3086 | D:4      | Reached skill level 1 in Stealth
  3095 | D:4      | Reached XP level 8. HP: 55/69 MP: 7/7
  3239 | D:4      | Paralysed by Grinder for 5 turns
  3253 | D:4      | Paralysed by Grinder for 6 turns
  3262 | D:4      | Killed Grinder
  3262 | D:4      | Reached skill level 9 in Axes
  3332 | D:4      | Reached *** piety under Trog
  3635 | D:5      | Entered Level 5 of the Dungeon
  3911 | D:5      | Reached skill level 10 in Axes
  4197 | D:5      | Found Tuiren's Gadget Shoppe.
  4465 | D:5      | Found a radiant altar of Vehumet.
  5146 | D:6      | Found Daesap's Antique Weapon Emporium.
  5147 | D:6      | Noticed Eustachio
  5181 | D:6      | Killed Eustachio
  5181 | D:6      | Reached skill level 11 in Axes
  5181 | D:6      | Reached XP level 9. HP: 54/77 MP: 8/8
  5501 | D:6      | Reached **** piety under Trog
  5519 | D:6      | Found a glowing drain.
  5529 | Sewer    | Entered a sewer
  5546 | Sewer    | Noticed Purgy
  5556 | Sewer    | Killed Purgy
  6000 | D:6      | Noticed Duvessa
  6000 | D:6      | Noticed Dowan
  6005 | D:6      | Killed Duvessa
  6013 | D:6      | Killed Dowan
  6022 | D:6      | Found a staircase to the Ecumenical Temple.
  6050 | D:6      | Noticed Menkaure
  6057 | D:6      | Killed Menkaure
  6753 | D:8      | Reached skill level 12 in Axes
  6993 | D:8      | Reached XP level 10. HP: 56/88 MP: 9/9
  7198 | D:8      | Found a basalt altar of Yredelemnul.
  7415 | D:8      | Reached skill level 10 in Armour
  7440 | D:8      | Found a shimmering altar of Xom.
  7686 | D:8      | Reached ***** piety under Trog
  7942 | D:9      | Found a staircase to the Lair.
  7979 | D:9      | Noticed a two-headed ogre
  7982 | D:9      | Reached skill level 13 in Axes
  7989 | D:9      | Killed a two-headed ogre
  8281 | D:9      | Received a gift from Trog
  8569 | D:9      | Noticed a two-headed ogre
  8578 | D:9      | Killed a two-headed ogre
  8859 | D:10     | Entered Level 10 of the Dungeon
  8896 | D:10     | Noticed Sonja
  8899 | D:10     | Killed Sonja
  8899 | D:10     | Reached skill level 10 in Fighting
  8899 | D:10     | Reached XP level 11. HP: 90/99 MP: 10/10
  9125 | D:10     | Found a staircase to the Orcish Mines.
  9596 | D:10     | Reached skill level 14 in Axes
  9871 | D:10     | Found a portal to a secret trove of treasure.
 10188 | D:11     | Noticed a two-headed ogre
 10195 | D:11     | Killed a two-headed ogre
 10270 | D:11     | Noticed an orc knight
 10277 | D:11     | Killed an orc knight
 10305 | D:11     | Found a roughly hewn altar of Beogh.
 10536 | D:11     | Found Nostreqo's Food Shoppe.
 10552 | D:11     | Reached skill level 15 in Axes
 10629 | D:11     | Noticed an orange crystal statue
 10660 | D:11     | Noticed a two-headed ogre
 10681 | D:10     | Killed a two-headed ogre
 10681 | D:10     | Received a gift from Trog
 10839 | D:11     | Noticed a cyan ugly thing
 10845 | D:11     | Killed an orange crystal statue
 11389 | D:12     | Reached XP level 12. HP: 106/107 MP: 11/11
 11476 | D:12     | Noticed Rupert
 11476 | D:12     | Noticed a two-headed ogre
 11484 | D:12     | Killed a two-headed ogre
 11484 | D:12     | Reached skill level 16 in Axes
 11488 | D:12     | Killed Rupert
 11545 | D:12     | Noticed Josephine
 11554 | D:12     | Killed Josephine
 12040 | D:12     | Found Zemosegh's Gadget Emporium.
 12155 | D:12     | Noticed Harold
 12163 | D:12     | Killed Harold
 12163 | D:12     | Reached skill level 17 in Axes
 12350 | D:13     | Noticed a vault guard
 12368 | D:13     | Noticed a centaur warrior
 12413 | D:14     | Received a gift from Trog
 12606 | D:13     | Killed a centaur warrior
 12920 | D:13     | Found a flagged portal.
 12936 | Bailey   | Entered a bailey
 13158 | Bailey   | Reached skill level 1 in Throwing
 13294 | D:13     | Noticed a centaur warrior
 13300 | D:13     | Killed a centaur warrior
 13425 | D:13     | Noticed Kirke
 13435 | D:13     | Killed Kirke
 13435 | D:13     | Reached XP level 13. HP: 105/116 MP: 12/12
 13510 | D:13     | Received a gift from Trog
 13610 | D:13     | Reached skill level 18 in Axes
 14346 | D:13     | Found a gate to the Vaults.
 15034 | Lair:1   | Entered Level 1 of the Lair of Beasts
 15166 | D:10     | You paid a toll of 5 scrolls of blinking to enter a treasure trove
 15167 | Trove    | Entered a treasure trove
 15180 | Trove    | Got a clouded diamond amulet
 15208 | Trove    | Got a transparent sapphire amulet
 15310 | Lair:1   | Identified the amulet of Sejiwurr {Harm *Drain Int+3} (You found it in a treasure trove)
 15317 | Lair:1   | Identified the amulet of Kuesey {Harm *Drain MR+ Str+2} (You found it in a treasure trove)
 15543 | D:15     | Entered Level 15 of the Dungeon
 15961 | D:14     | Reached skill level 19 in Axes
 16638 | D:14     | Reached ****** piety under Trog
 16638 | D:14     | Received a gift from Trog
 16689 | D:14     | Reached XP level 14. HP: 94/130 MP: 13/13
 17906 | D:15     | Reached skill level 20 in Axes
 18069 | D:15     | Noticed a quicksilver dragon
 18858 | D:15     | Reached skill level 15 in Armour
 19125 | D:15     | Found a staircase to the Depths.
 20124 | Lair:2   | Received a gift from Trog
 20164 | Lair:2   | Found a labyrinth entrance.
 20197 | Lair:2   | Found a hole to the Spider Nest.
 20217 | Lab      | Entered a labyrinth
 21539 | Lair:3   | Reached skill level 15 in Fighting
 21682 | Lair:3   | Reached XP level 15. HP: 135/141 MP: 12/14
 21786 | Lair:3   | Found a staircase to the Shoals.
 21791 | Lair:3   | Reached skill level 21 in Axes
 22135 | Lair:3   | Found a sparkling altar of Nemelex Xobeh.
 22971 | Lair:4   | Received a gift from Trog
 23748 | Lair:5   | Found a runed door.
 23760 | Lair:5   | Found a viscous altar of Jiyva.
 23760 | Lair:5   | Noticed an acid blob
 23761 | Lair:5   | Noticed an acid blob
 23761 | Lair:5   | Noticed an acid blob
 23762 | Lair:5   | Found a staircase to the Slime Pits.
 24405 | Spider:1 | Entered Level 1 of the Spider Nest
 24478 | Lair:6   | Entered Level 6 of the Lair of Beasts
 25468 | Lair:6   | Reached skill level 22 in Axes
 25527 | Lair:6   | Found a large runed door.
 25527 | Lair:6   | Found a large runed door.
 25556 | Lair:6   | Received a gift from Trog
 25825 | Orc:1    | Entered Level 1 of the Orcish Mines
 26188 | Orc:2    | Entered Level 2 of the Orcish Mines
 26287 | Orc:2    | Found a staircase to the Elven Halls.
 26360 | Orc:2    | Noticed Maurice
 26369 | Orc:2    | Killed Maurice
 26382 | Orc:2    | Noticed an orc warlord
 26390 | Orc:2    | Killed an orc warlord
 26491 | Orc:2    | Found a dark tunnel.
 26541 | Volcano  | Entered a volcano
 26726 | Volcano  | Found a bloodstained altar of Trog.
 27005 | Orc:2    | Found a roughly hewn altar of Beogh.
 27014 | Orc:2    | Received a gift from Trog
 27016 | Orc:2    | Found Bofaarru's Jewellery Emporium.
 27161 | Orc:2    | Found a roughly hewn altar of Beogh.
 27162 | Orc:2    | Found Etueddas's Gadget Emporium.
 27264 | Orc:2    | Found a roughly hewn altar of Beogh.
 27305 | Orc:2    | Noticed an orc warlord
 27313 | Orc:2    | Reached XP level 16. HP: 98/151 MP: 15/15
 27600 | Orc:2    | Found Agapnuv's Antique Armour Boutique.
 27601 | Orc:2    | Found a roughly hewn altar of Beogh.
 27602 | Orc:2    | Found Atiomnav's Antique Weapon Shop.
 27621 | Orc:2    | Bought a glowing plate armour for 609 gold pieces
 27656 | Orc:2    | Found a roughly hewn altar of Beogh.
 27715 | Orc:2    | Found a roughly hewn altar of Beogh.
 27720 | Orc:2    | Received a gift from Trog
 27760 | Orc:2    | Found a roughly hewn altar of Beogh.
 27779 | Elf:1    | Entered Level 1 of the Elven Halls
 28172 | Elf:1    | Received a gift from Trog
 28479 | Elf:1    | Reached skill level 23 in Axes
 29123 | Elf:1    | Noticed Nikola
 29133 | Elf:1    | Killed Nikola
 29282 | Elf:1    | Received a gift from Trog
 30876 | Spider:2 | Reached XP level 17. HP: 134/161 MP: 16/16
 30987 | Spider:2 | Received a gift from Trog
 30996 | Spider:2 | HP: 8/162 [entropy weaver/spear (3)]
 30997 | Spider:2 | Slain by an entropy weaver

Vault maps used:
D:1:      mainiacjoe_arrival_reflecting_pool
D:2:      minmay_door_path, grunt_qazlal_sundering, first_bread
D:3:      marbit_many_paths, old_standard_altar, uniq_terence
D:4:      gammafunk_temple_overflow_pools, uniq_grinder, uniq_sigmund,
          uniq_edmund
D:5:      fiery_altar_vehumet, serial_shops, nicolae_shop_behind_doors
D:6:      temple_doors_ab, gup_sewer_entry_bubbles, serial_shops,
          nicolae_shop_overgrown_old_shop, uniq_menkaure, uniq_eustachio,
          uniq_duvessa
D:7:      wad_pebble_path
D:8:      lemuel_zombie_altar_yredelemnul, basic_altar,
          hangedman_little_slice_of_home
D:9:      lair_entry_dummy, minmay_misc_feat_roman
D:10:     orc_0_dummy, nicolae_trove_entry_path_of_doom, uniq_sonja
D:11:     special_room, grunt_ministairs_9, nicolae_shop_scaring_up_business,
          minmay_protected_statue
D:12:     serial_shops, nicolae_shop_waterfront, minmay_misc_feat_diagonals,
          uniq_harold, uniq_josephine, uniq_rupert
D:13:     grunt_vaults_entry_fortified, enter_bailey_8, nrook_uturn, uniq_kirke
D:14:     serial_corexii_hall, corexii_hall_statues_x, corexii_hall_statues_l,
          serial_park_square3
D:15:     hangedman_depths_entry_civil_slaughter
Lair:1:   eino_small_chamber_without_monster, grunt_megastairs_3
Lair:2:   spider_nest_entry_a, lab_entry_generic
Lair:3:   minmay_shoals_entry_beasts, basic_altar, st_stairs_3,
          beast_lair_carwin_5
Lair:4:   st_stairs_13, infiniplex_staircase_pool_2
Lair:5:   slime_altar_2, lemuel_fruit_fields, serial_bayou_shore_a,
          infiniplex_staircase_pool, serial_bayou_shore_b
Lair:6:   cheibrodos_lair_end_hotspot
Orc:2:    grunt_orc_community_town_hall, grunt_orc_community_big_house_1,
          grunt_orc_community_big_house_2, grunt_orc_community_house_3,
          grunt_orc_community_house_2, grunt_orc_community_house_1,
          grunt_orc_community_house_2, grunt_orc_community_house_3,
          grunt_orc_community_house_1, nicolae_volcano_entry_two_sided,
          uniq_maurice
Elf:1:    eino_elf_arrival_customs, kennysheep_underground_church,
          grunt_megastairs_2, uniq_nikola
Lab:      labyrinth_mini_lab, nicolae_lab_swirl
Trove:    trove_simple
Sewer:    sewer_co_purgy_island
Bailey:   bailey_axe_1, bailey
Volcano:  volcano_lake

Skill      XL: |  1  2  3  4  5  6  7  8  9 10 11 12 13 14 15 16 |
---------------+-------------------------------------------------+-----
Axes           | 4 6 7 8 11 12 13 15 17 19 20 22 23 | 23.9
Fighting       | 4 5 6 8 10 11 12 13 15 16 17 | 17.4
Armour         | 3 4 5 6 8 9 11 12 13 14 15 16 17 | 17.2
Stealth        | 1 |  1.4
Dodging        | 3 |  3.9
Throwing       | 2 |  2.6
Evocations     | |  0.3

Action                   |  1- 3 |  4- 6 |  7- 9 | 10-12 | 13-15 | 16-18 || total
-------------------------+-------+-------+-------+-------+-------+-------++-------
Melee: Hand axe          |   101 |    92 |   398 |    91 |       |       ||   682
       Headbutt          |    11 |    19 |    73 |    98 |   210 |    67 ||   478
       Battleaxe         |       |       |       |   312 |    72 |       ||   384
       Executioner's axe |       |       |       |       |   818 |   297 ||  1115
Throw: Tomahawk          |       |       |       |    16 |     3 |     6 ||    25
Invok: Berserk           |       |     1 |     2 |     3 |     8 |     2 ||    16
       Burn Spellbooks   |       |       |       |       |     1 |       ||     1
       Trog's Hand       |       |       |       |       |       |     2 ||     2
       Brothers in Arms  |       |       |       |       |       |     1 ||     1
Evoke: Wand              |       |       |       |     2 |     1 |     8 ||    11
       Lightning rod     |       |       |       |     2 |       |     2 ||     4
  Use: Scroll            |     3 |       |     1 |    12 |    18 |     1 ||    35
       Potion            |       |       |     2 |       |    11 |     4 ||    17
 Stab: Sleeping          |     1 |       |       |       |       |       ||     1
       Invisible         |       |       |       |       |     1 |       ||     1
       Distracted        |       |       |       |       |       |     1 ||     1
  Eat: Chunk             |     2 |     4 |    14 |    24 |    42 |    11 ||    97
       Royal jelly       |       |       |     1 |       |     4 |     1 ||     6
       Fruit             |       |       |     1 |     1 |     4 |       ||     6
Armor: Plate armour      |    51 |    50 |   198 |   303 |   600 |   243 ||  1445
       Animal skin       |     1 |       |       |       |       |       ||     1
Dodge: Dodged            |    49 |    29 |   127 |   258 |   416 |   133 ||  1012
